 Dungeon Crawl Stone Soup version 0.27-a0-1181-g5f64966fcc (webtiles) character file.

Game seed: 14859494648744069572

11308 senseless the Covert (level 11, -1/84 HPs)
             Began as a Demonspawn Brigand on May 17, 2021.
             Was an Initiate of Cheibriados.
             Slain by a tyrant leech (16 damage)
             ... in a Gauntlet.
             The game lasted 00:49:10 (13949 turns).

senseless the Covert (Demonspawn Brigand)          Turns: 13949, Time: 00:49:10

Health: -1/84      AC: 24    Str: 19    XL:     11   Next: 47%
Magic:  8/11       EV: 10    Int: 13    God:    Cheibriados [......]
Gold:   487        SH:  0    Dex: 19    Spells: 10/10 levels left

rFire    + . .     SeeInvis .   G - +5 short sword (freeze)
rCold    . . .     Faith    .   (no shield)
rNeg     . . .     Spirit   .   q - +9 chain mail of Watchfulness {rF+ Str+6}
rPois    .         Reflect  .   (no helmet)
rElec    .         Harm     .   c - +0 cloak
rCorr    +         Rampage  .   B - +0 pair of gloves
Will     .....     NoTele   +   (boots unavailable)
Stlth    +.........             (no amulet)
HPRegen  0.24/turn              K - ring of Jobai {Wiz +Blink rCorr}
MPRegen  0.12/turn              (no ring)

@: very slow
A: hooves 3, yellow scales 2, spiny 1
a: Renounce Religion, Evoke Blink, Bend Time


You were in a Gauntlet.
You worshipped Cheibriados.
Cheibriados was noncommittal.
You visited 2 branches of the dungeon, and saw 12 of its levels.
You also visited: Gauntlet.

You collected 487 gold pieces.

Inventory:

Hand Weapons
 a - a +2 dagger
 b - a +1 arbalest of freezing
 g - a +1 dagger of venom
 p - a +0 whip of freezing
 v - a +2 rapier of flaming
 D - a +6 spear
 E - a +4 morningstar of flaming
 G - a +5 short sword of freezing (weapon)
Missiles
 d - 30 poisoned darts (quivered)
 e - 2 curare-tipped darts
 h - 2 throwing nets
 t - 5 atropa-tipped darts
 H - 30 bolts
Armour
 c - a +0 cloak (worn)
 f - +0 acid dragon scales
 j - a +0 robe
 q - the +9 chain mail of Watchfulness (worn) {rF+ Str+6}
   (You found it on level 4 of the Dungeon)

   It affects your strength (+6).
   It protects you from fire.
 y - a +0 pair of boots
 B - a +0 pair of gloves (worn)
 F - +0 steam dragon scales
Jewellery
 r - a ring of wizardry
 K - the ring of Jobai (left hand) {Wiz +Blink rCorr}
   (You found it in a Gauntlet)

   [ring of wizardry]

   It improves your spell success rate.
   It lets you blink.
   It protects you from acid and corrosion.
Wands
 w - a wand of paralysis (21)
Scrolls
 o - a scroll of identify
 u - 2 scrolls of magic mapping
 x - a scroll of teleportation
 C - a scroll of fear
Potions
 i - 4 potions of curing
 k - a potion of lignification
 l - a potion of brilliance
 m - 3 potions of attraction
 n - 2 potions of flight
 s - 3 potions of haste
 z - 5 potions of might
 A - a potion of magic {unknown}
 I - 2 potions of ambrosia {unknown}
 J - a potion of mutation {unknown}


   Skills:
 + Level 7.1 Fighting
 + Level 6.8 Short Blades
 - Level 0.9 Maces & Flails
 + Level 5.7 Crossbows
 + Level 6.2 Throwing
 + Level 5.8 Armour
 + Level 6.3 Dodging
 + Level 8.8 Stealth


You had 10 spell levels left.
You didn't know any spells.
Your spell library contained the following spells:

 Spells                   Type           Power      Damage    Failure   Level
 Animate Skeleton         Necr           0%         N/A       73%         1
 Apportation              Tloc           0%         N/A       73%         1
 Beastly Appendage        Tmut           0%         N/A       73%         1
 Corona                   Hex            0%         N/A       73%         1
 Summon Small Mammal      Summ           0%         N/A       73%         1
 Wereblood                Tmut           0%         N/A       86%         2
 Confusing Touch          Hex            0%         N/A       97%         3
 Gell's Gravitas          Tloc           0%         N/A       97%         3
 Spider Form              Tmut/Pois      0%         N/A       97%         3
 Ice Form                 Ice/Tmut       0%         N/A       100%        4
 Petrify                  Tmut/Erth      0%         N/A       100%        4
 Hydra Form               Tmut           0%         N/A       100%        5
 Metabolic Englaciation   Hex/Ice        0%         N/A       100%        5
 Yara's Violent Unravell  Hex/Tmut       0%         3d3       100%        5


Dungeon Overview and Level Annotations

Branches:
Dungeon (11/15)            Temple (1/1) D:7            Lair (0/6) D:10
    Orc (0/2) D:9         Gauntlet (1/1)

Altars:
Ashenzari
Cheibriados
Dithmenos
Elyvilon
Fedhas
Hepliaklqana
Kikubaaqudgha
Nemelex Xobeh
Ru
Sif Muna
Trog
Uskayaw
Vehumet
Xom
Yredelemnul
Zin
The Shining One

Shops:
D:6 *   D:8 =

Annotations:
D:8 1 runed translucent door
D:10 exclusion: ice statue Gauntlet 3 transporters


Innate Abilities, Weirdness & Mutations

You have hooves in place of feet.
You are mostly covered in yellow scales. (AC +3)
You are partially covered in sharp spines.


Message History

The swamp worm is struck by your spines.
The swamp worm bites you but does no damage.
Found a scroll of magic mapping.
Found a gate leading back out of this place.
The swamp worm is struck by your spines.
The swamp worm bites you.
The swamp worm is struck by your spines.
The swamp worm bites you but does no damage.
Found a transporter.
You puncture the swamp worm! You freeze the swamp worm.
The swamp worm is heavily wounded.
The swamp worm is struck by your spines.
The swamp worm bites you but does no damage.
The swamp worm bites you.
You barely miss the swamp worm. You kick the swamp worm.
The swamp worm is severely wounded.
The swamp worm bites you.
You hit the swamp worm. You freeze the swamp worm. You kick the swamp worm.
You kill the swamp worm!
Cheibriados thoroughly appreciates the change of pace.
The swamp worm bites you!
You hit the tyrant leech. You freeze the tyrant leech.
Your kick misses the tyrant leech.
The tyrant leech is lightly wounded.
The swamp worm is struck by your spines.
The swamp worm bites you!
* * * LOW HITPOINT WARNING * * *
Unknown command.
You feel better.
The swamp worm bites you but does no damage.
The tyrant leech is struck by your spines.
The tyrant leech bites you!
* * * LOW HITPOINT WARNING * * *
The tyrant leech draws strength from your injuries!
The flow of time bends around you.
The tyrant leech easily resists.
The swamp worm resists with some effort.
The swamp worm bites you but does no damage.
The tyrant leech is struck by your spines.
The tyrant leech bites you!
You die...

.#########.#...##
.#.##....#.#....#.
.#..##..##.#...42..
##...#.###.#######
©#.##÷##©#©#......
.###.#...#.#######
.##..##..#.#......
.#..)©##.#.#..####
.#########.#.##w@#
.#.......#©#.#.w#.©#....
.#...♣P..###.#.##.?#..P♣
.#..PP.P...#.##....#....
.#.#≈#≈#...#.......#....
.#.≈≈≈≈≈PP.#########....
©#.#≈#≈#.♣............∩.
.#.≈≈≈≈≈...#########....
.#.#≈#≈#...#Z..Z..Z#...


You could see a tyrant leech, an orange demon and a swamp worm.

Vanquished Creatures
  Harold (D:9)
  A hydra (D:10)
  A tengu warrior (Gauntlet)
  A cyclops (D:7)
  A slime creature (Gauntlet)
  Psyche (D:8)
  Maggie (D:7)
  A komodo dragon (D:10)
  A tengu conjurer (Gauntlet)
  A hornet (D:7)
  3 trolls
  Prince Ribbit (D:9)
  A shadow (D:9)
  7 yaks
  A wyvern (D:9)
  A steam dragon (D:6)
  3 vampire mosquitoes
  Menkaure (D:5)
  A swamp worm (Gauntlet)
  3 water moccasins
  3 orc warriors
  2 acid dragons
  3 black bears
  4 ice beasts
  2 necrophages
  4 ogres
  3 centaurs
  2 gnoll sergeants (D:9)
  A kobold brigand (D:8)
  Blork the orc (D:4)
  A bullfrog (D:8)
  3 scorpions
  A wyvern skeleton (D:7)
  A water moccasin zombie (D:9)
  2 wights (D:7)
  4 howler monkeys
  8 killer bees (D:9)
  A bullfrog zombie (D:6)
  3 centaur zombies
  A jelly (Gauntlet)
  3 hounds
  3 gnoll shamans
  An orc priest (D:7)
  7 orc wizards
  3 iguanas
  2 hound skeletons
  25 gnolls
  6 adders
  A shadow imp (D:7)
  A white imp (D:6)
  3 worms
  A dart slug (D:2)
  28 orcs
  7 ball pythons
  7 endoplasms
  4 giant cockroaches
  6 hobgoblins
  9 jackals (D:4)
  14 kobolds
  3 quokkas
  7 bats
  8 frilled lizards
  4 goblins
  7 rats
  A rat zombie (D:9)
243 creatures vanquished.

Vanquished Creatures (others)
  A wizard (D:10)
  22 plants
  A withered plant (D:10)
24 creatures vanquished.

Grand Total: 267 creatures vanquished

Notes
Turn   | Place    | Note
-------+----------+-------------------------------------------
     0 | D:1      | senseless the Demonspawn Brigand began the quest for the
                  | Orb.
     0 | D:1      | Reached XP level 1. HP: 16/16 MP: 1/1
    49 | D:1      | You fall into a shaft and drop 1 floor!
   184 | D:2      | Noticed a necrophage
   197 | D:2      | Killed a necrophage
   198 | D:2      | Reached skill level 1 in Dodging
   198 | D:2      | Reached skill level 5 in Stealth
   198 | D:2      | Gained mutation: You are partially covered in yellow
                  | scales. (AC +2) [demonic ancestry]
   198 | D:2      | Reached XP level 2. HP: 3/23 MP: 2/2
   198 | D:2      | Reached XP level 3. HP: 4/28 MP: 3/3
   198 | D:2      | Gained mutation: You have large cloven feet. [demonic
                  | ancestry]
   198 | D:2      | Reached XP level 4. HP: 5/34 MP: 4/4
  1316 | D:1      | Found a faded altar of an unknown god.
  1480 | D:1      | Gained mutation: You have hoof-like feet. [demonic
                  | ancestry]
  1480 | D:1      | Reached XP level 5. HP: 39/39 MP: 5/5
  3155 | D:3      | Identified a scroll of acquirement
  3158 | D:3      | Acquired a +1 arbalest of freezing
  3372 | D:4      | Noticed an ogre
  3377 | D:4      | Found a hazy altar of Hepliaklqana.
  3378 | D:4      | Killed an ogre
  3379 | D:4      | Gained mutation: You are mostly covered in yellow scales.
                  | (AC +3) [demonic ancestry]
  3379 | D:4      | Reached XP level 6. HP: 46/46 MP: 6/6
  3889 | D:4      | Identified the +9 chain mail of Watchfulness {rF+ Str+6}
  4171 | D:4      | Noticed Blork the orc
  4186 | D:4      | Killed Blork the orc
  4431 | D:4      | Reached skill level 6 in Stealth
  4431 | D:4      | Reached XP level 7. HP: 52/52 MP: 7/7
  4532 | D:5      | Entered Level 5 of the Dungeon
  4600 | D:4      | Reached skill level 1 in Armour
  4787 | D:5      | Reached skill level 1 in Crossbows
  5473 | D:5      | Gained mutation: You are partially covered in sharp spines.
                  | [demonic ancestry]
  5473 | D:5      | Reached XP level 8. HP: 59/60 MP: 8/8
  5585 | D:5      | Noticed Menkaure
  5593 | D:5      | Killed Menkaure
  6078 | D:6      | Found Umub's Assorted Antiques.
  6419 | D:6      | You fall into a shaft and drop 3 floors!
  6566 | D:8      | Gained mutation: You have hooves in place of feet. [demonic
                  | ancestry]
  6566 | D:8      | Reached XP level 9. HP: 40/66 MP: 9/9
  6770 | D:8      | Noticed Psyche
  6785 | D:8      | Killed Psyche
  6786 | D:8      | Reached skill level 5 in Short Blades
  6786 | D:8      | Reached skill level 7 in Stealth
  6808 | D:8      | Found a runed translucent door.
  6812 | D:8      | Noticed a sixfirhy
  6816 | D:8      | Found Bueh's Jewellery Shoppe.
  7004 | D:7      | Reached skill level 5 in Fighting
  7006 | D:7      | Noticed a cyclops
  7019 | D:7      | Killed a cyclops
  7430 | D:6      | Found a radiant altar of Vehumet.
  7825 | D:7      | Found a staircase to the Ecumenical Temple.
  7892 | D:7      | Noticed Maggie
  7912 | D:7      | Killed Maggie
  8467 | D:7      | Reached skill level 5 in Dodging
  8467 | D:7      | Reached XP level 10. HP: 54/74 MP: 10/10
  9014 | D:8      | Reached skill level 5 in Throwing
  9749 | D:9      | Found an ancient bone altar of Kikubaaqudgha.
  9829 | D:9      | Reached skill level 8 in Stealth
  9845 | D:9      | Noticed Harold
  9872 | D:9      | Killed Harold
 10143 | D:9      | Reached skill level 5 in Armour
 10235 | D:9      | Noticed Prince Ribbit
 10249 | D:9      | Killed Prince Ribbit
 10670 | D:9      | Reached skill level 5 in Crossbows
 10689 | D:9      | Found a staircase to the Orcish Mines.
 11041 | D:10     | Entered Level 10 of the Dungeon
 11041 | D:10     | Noticed a six-headed hydra
 11588 | D:10     | Reached XP level 11. HP: 71/83 MP: 11/11
 11686 | D:10     | Found a staircase to the Lair.
 11768 | D:10     | Found a basalt altar of Yredelemnul.
 12407 | D:10     | Found a bloodstained altar of Trog.
 12411 | D:10     | Noticed a wizard
 12417 | D:10     | Killed a wizard
 12470 | D:10     | Found a sacrificial altar of Ru.
 12497 | D:10     | Killed a six-headed hydra
 13178 | Temple   | Entered the Ecumenical Temple
 13255 | Temple   | Became a worshipper of Cheibriados the Contemplative
 13371 | D:11     | Found a gate leading to a gauntlet.
 13385 | Gauntlet | Entered a Gauntlet
 13385 | Gauntlet | Found a transporter.
 13388 | Gauntlet | Found a transporter.
 13390 | Gauntlet | Noticed a fire crab
 13390 | Gauntlet | Found a transporter.
 13542 | Gauntlet | Noticed a tengu warrior
 13545 | Gauntlet | Identified the ring of Jobai {Wiz +Blink rCorr}
 13548 | Gauntlet | Found a transporter.
 13598 | Gauntlet | Found a transporter.
 13598 | Gauntlet | Found a transporter.
 13604 | Gauntlet | Noticed a green death
 13612 | Gauntlet | Killed a tengu warrior
 13618 | Gauntlet | Found a transporter.
 13943 | Gauntlet | Found a transporter.
 13949 | Gauntlet | Slain by a tyrant leech

Illustrated notes

Levels and vault maps discovered:
D:1:      heliophobic_arrival_ceremonial_halls, layout_basic,
          hellmonk_ecumenical_altar_inner_sanctum, minmay_misc_feat_columns
D:2:      layout_basic, serial_forest, infiniplex_forest_straight_4,
          infiniplex_forest_lined_3_way, infiniplex_forest_straight_3,
          infiniplex_forest_clump_small, infiniplex_forest_diagonal
D:3:      layout_rooms, lemuel_crystal_altar, minmay_bisected
D:4:      layout_basic, lemuel_doored_altar, minmay_checkerbox,
          uniq_blork_the_orc
D:5:      layout_cave_pools, minmay_puff, uniq_menkaure
D:6:      layout_loops_ring, kennysheep_mini_moat, serial_shops,
          nicolae_shop_window_shopping
D:7:      layout_loops_ring, nicolae_overflow_hidden_temple,
          minmay_temple_entry_overgrown, grunt_decor_fettered,
          minmay_microvault, uniq_maggie
D:8:      cheibrodos_shockbox, layout_loops_cross, serial_shops,
          nicolae_shop_trees, minmay_misc_feat_chi, uniq_psyche
D:9:      layout_small_grid, lemuel_zombie_altar_kikubaaqudgha, david_orc_2,
          grunt_ministairs_14, serial_bayou_lagoon_b, uniq_harold,
          uniq_prince_ribbit1
D:10:     cheibrodos_frozen_isle, layout_small_grid,
          gammafunk_temple_overflow_pools, trog_wizard,
          yredelemnul_altar_generic, lair_entry_dummy
D:11:     minmay_the_grid_square_5x5_4x4_mashed
          [minmay_the_grid_square_5x5_dogpile, minmay_the_grid_square_5x5_eight,
          minmay_the_grid_square_5x5_tie, minmay_the_grid_square_5x5_longway,
          minmay_the_grid_square_5x5_two_walls_a,
          minmay_the_grid_square_5x5_prize_pseudospiral,
          minmay_the_grid_square_5x5_prize_monsterx,
          minmay_the_grid_square_5x5_slash, minmay_the_grid_square_5x5_spiral,
          minmay_the_grid_square_5x5_prize_junk,
          minmay_the_grid_square_5x5_prize_deathbox,
          minmay_the_grid_square_5x5_meh, minmay_the_grid_square_5x5_forky,
          minmay_the_grid_square_5x5_shrine1,
          minmay_the_grid_square_5x5_fancy_junction,
          minmay_the_grid_square_5x5_hollow_slash], layout_small_grid,
          gauntlet_entry_generic, enter_bailey_4
Temple:   oiseaux_autumnal_temple
Gauntlet: minmay_gauntlet_77_tree [minmay_gauntlet_arena_77_radiant_squares,
          minmay_gauntlet_arena_77_fan, minmay_gauntlet_arena_77_path,
          minmay_gauntlet_arena_77_double_cross,
          minmay_gauntlet_arena_77_hold_the_fort,
          minmay_gauntlet_arena_77_two_lines,
          minmay_gauntlet_arena_77_checkered, gauntlet_exit_watery]

Skill      XL: |  1  2  3  4  5  6  7  8  9 10 11 |
---------------+----------------------------------+-----
Short Blades   | 2 3 4 5 6 |  6.8
Throwing       | 2 3 4 5 6 |  6.2
Dodging        | 1 2 3 4 5 6 |  6.3
Stealth        | 5 6 7 8 |  8.8
Fighting       | 3 4 5 6 7 |  7.1
Armour         | 1 3 4 5 |  5.8
Crossbows      | 1 3 4 5 |  5.7
Maces & Flails | |  0.9

Action                   |  1- 3 |  4- 6 |  7- 9 | 10-12 || total
-------------------------+-------+-------+-------+-------++-------
Melee: Dagger            |    25 |   222 |   250 |       ||   497
       Kick              |       |    57 |   130 |   143 ||   330
       Rapier            |       |       |    10 |       ||    10
       Morningstar       |       |       |    15 |    18 ||    33
       Short sword       |       |       |       |   311 ||   311
 Fire: Arbalest          |       |       |       |     4 ||     4
Throw: Dart              |       |    12 |    55 |    13 ||    80
Invok: Bend Time         |       |       |       |     1 ||     1
Evoke: Wand              |       |       |       |     1 ||     1
  Use: Scroll            |       |    11 |       |    10 ||    21
       Potion            |       |     1 |     1 |     4 ||     6
 Stab: Sleeping          |       |    25 |       |       ||    25
       Distracted        |       |     2 |     1 |       ||     3
Armor: Robe              |     3 |    36 |       |       ||    39
       Chain mail        |       |    12 |   140 |   229 ||   381
       Skin              |       |     1 |       |       ||     1
Dodge: Dodged            |     7 |    99 |   102 |   148 ||   356

Table legend: (Time is in decaauts)
 A = Elapsed time spent in this place.
 B = Non-inter-level travel time spent in this place.
 C = Inter-level travel time spent in this place.
 D = Time resting spent in this place.
 E = Time spent auto-exploring this place.
 F = Levels seen in this place.
 G = Mean time per level.
                   A        B        C        D        E       F      G
               +--------+--------+--------+--------+--------+-----+--------+
         Total |  13889 |  13291 |    598 |   1401 |   9781 |  13 | 1068.4 |
       Dungeon |  13189 |  12630 |    559 |   1401 |   9278 |  11 | 1199.0 |
        Temple |    117 |     78 |     39 |      0 |     71 |   1 |  117.0 |
      Gauntlet |    583 |    583 |      0 |      0 |    431 |   1 |  583.0 |
               +--------+--------+--------+--------+--------+-----+--------+

Top non-repeatable levels by time:
     D:9: 1968 daAuts
     D:7: 1536 daAuts
     D:8: 1522 daAuts
     D:4: 1414 daAuts
     D:2: 1355 daAuts
    D:10: 1315 daAuts
     D:5: 1218 daAuts
     D:6: 1019 daAuts
     D:1: 1001 daAuts
     D:3: 799 daAuts
Gauntlet: 583 daAuts
  Temple: 117 daAuts
    D:11: 37 daAuts
